 Dungeon Crawl Stone Soup version 0.31.0-32-g396128a36d (webtiles) character file.

Game seed: 15112531836083689236

1487824 KleptoBismol the Conqueror (level 26, 265/265 (266) HPs)
             Began as a Minotaur Berserker on Mar 27, 2024.
             Was an Elder of Trog.
             Escaped with the Orb
             ... and 3 runes on Apr 12, 2024!
             The game lasted 2 days 22:24:00 (87928 turns).

KleptoBismol the Conqueror (MiBe)              Turns: 87928, Time: 2 , 22:24:01

HP:   265/265 (266) AC: 41    Str: 36    XL:     26   Next: 13%
MP:   22/22         EV: 18    Int:  8    God:    Trog [****..]
Gold: 3238          SH: 21    Dex: 22    Spells: 25/25 levels left

rFire   + + .        c - +9 quick blade of Regicide {flame, rElec rF+ rC++ Dex+4}
rCold   + + +        z - +3 kite shield of the Dungeon {rN+ Stlth+}
rNeg    + . .        l - +4 gold dragon scales
rPois   +            p - +2 hat "Ceusidwo" {^Drain +Blink Int+4 Dex+6}
rElec   +            w - +2 cloak {rCorr}
rCorr   +            A - +1 pair of gloves of Parts Unknown {Rampage Str+4}
SInv    +            M - +2 pair of boots "Qanlimiwk" {SInv}
Will    ++...        K - amulet of regeneration Stlth
                     V - ring of willpower
HPRegen 1.44/turn    P - ring of Zemuca Egov {Fly rPois Slay+3}
MPRegen 0.18/turn

%: clarity, rampage
@: flying, hasted, lightly drained, very quick
A: horns 2, retaliatory headbutt, clarity, wild magic 1, MP-powered wands,
persistent drain
0: Orb of Zot
}: 3/15 runes: serpentine, barnacled, silver
a: Renounce Religion, Evoke Blink, Berserk, Trog's Hand, Brothers in Arms


You escaped.
You worshipped Trog.
Trog was greatly pleased with you.
You visited 10 branches of the dungeon, and saw 48 of its levels.
You also visited: Trove, Ossuary and Bailey.

You collected 5574 gold pieces.
You spent 2336 gold pieces at shops.

Inventory:

Hand Weapons
 a - a +9 heavy broad axe
 b - a +5 antimagic broad axe
 c - the +9 quick blade of Regicide (weapon) {flame, rElec rF+ rC++ Dex+4}
   (Trog gifted it to you on level 4 of the Shoals)

   Dex+4:     It affects your dexterity (+4).
   rF+:       It protects you from fire.
   rC++:      It greatly protects you from cold.
   rElec:     It insulates you from electricity.
Missiles
 d - 6 atropa-tipped darts
 o - 33 boomerangs
 G - 4 silver javelins
 N - 18 javelins
 O - 3 throwing nets
 W - 7 darts of dispersal (quivered)
Armour
 l - +4 gold dragon scales (worn)
 p - the +2 hat "Ceusidwo" (worn) {^Drain +Blink Int+4 Dex+6}
   (You acquired it on level 3 of the Snake Pit)

   Int+4:     It affects your intelligence (+4).
   Dex+6:     It affects your dexterity (+6).
   +Blink:    It lets you blink.
   ^Drain:    It drains your maximum health when unequipped.
 w - a +2 cloak of preservation (worn)
 y - the +0 cloak of Aluzill {rElec}
   (You found it in a treasure trove)

   rElec:     It insulates you from electricity.
 z - the +3 kite shield of the Dungeon (worn) {rN+ Stlth+}
   (You found it in a treasure trove)

   rN+:       It protects you from negative energy.
   Stlth+:    It makes you more stealthy.
 A - the +1 pair of gloves of Parts Unknown (worn) {Rampage Str+4}
   (You found it in a treasure trove)

   Str+4:     It affects your strength (+4).
   Rampage:   It bestows one free step when moving towards enemies.
 M - the +2 pair of boots "Qanlimiwk" (worn) {SInv}
   (You found it in a treasure trove)

   SInv:      It lets you see invisible.
Jewellery
 K - an amulet of regeneration (around neck)
 P - the ring of Zemuca Egov (right hand) {Fly rPois Slay+3}
   (You bought it in a shop on level 1 of the Depths)

   [ring of flight]

   Slay+3:    It affects your accuracy & damage with ranged weapons and melee
   (+3).
   rPois:     It protects you from poison Fly: It grants you flight.
 R - a ring of positive energy
 V - a ring of willpower (left hand)
Wands
 t - a wand of mindburst (30)
 v - a wand of polymorph (17)
 x - a wand of charming (68)
 E - a wand of flame (53)
 H - a wand of light (29)
 I - a wand of digging (32)
 Q - a wand of iceblast (31)
Scrolls
 g - 20 scrolls of teleportation
 h - 4 scrolls of fear
 n - 2 scrolls of blinking
 q - 5 scrolls of noise
 r - 2 scrolls of fog
 s - 6 scrolls of poison
 u - 2 scrolls of revelation
 Y - 4 scrolls of silence
Potions
 f - 16 potions of curing
 i - 5 potions of might
 j - 10 potions of heal wounds
 m - a potion of haste
 B - a potion of cancellation
 C - 9 potions of enlightenment
 D - 4 potions of ambrosia
 J - 2 potions of invisibility
 S - 2 potions of resistance
 U - 3 potions of mutation
 X - a potion of berserk rage
Miscellaneous
 e - a lightning rod (4/4)
 k - a phantom mirror
 F - a box of beasts
 T - a condenser vane
 Z - a phial of floods


   Skills:
 O Level 27 Fighting
 - Level 26.2(27) Axes
 - Level 15.8(22.8) Maces & Flails
 + Level 15.0 Throwing
 + Level 23.4 Armour
 - Level 15.3 Dodging
 - Level 2.0 Stealth
 + Level 22.6 Shields
 - Level 4.4 Evocations


You had 25 spell levels left.
You didn't know any spells.
Your spell library was empty.

Dungeon Overview and Level Annotations

Branches:
Dungeon (15/15)            Temple (1/1) D:5            Lair (5/5) D:10
 Shoals (4/4) Lair:3        Snake (4/4) Lair:3        Slime (0/5) Lair:4
    Orc (2/2) D:11            Elf (3/3) Orc:2        Vaults (5/5) D:13
  Crypt (0/3) Vaults:3     Depths (4/4) D:15            Zot (5/5) Depths:4
Ossuary (visited)          Bailey (visited)

Altars:
Ashenzari
Cheibriados
Dithmenos
Elyvilon
Fedhas
Gozag
Hepliaklqana
Kikubaaqudgha
Makhleb
Nemelex Xobeh
Okawaru
Qazlal
Ru
Sif Muna
Trog
Uskayaw
Vehumet
Wu Jian
Xom
Yredelemnul
Zin
The Shining One
Jiyva

Shops:
D:3 [   D:6 (   D:9 *   D:14 **   Orc:2 [*(=   Elf:1 *   Snake:4 ((**[
Vaults:1 *   Vaults:3 [   Depths:1 [==:

Portals:
Hell: Depths:1 Depths:2 Depths:3 Depths:4
Abyss: Depths:3
Pandemonium: Depths:1 Depths:2
Ziggurat: Depths:1

Annotations:
D:13 3 runed translucent doors looks like trouble, Eolas's ghost, journeyman DjFE
Shoals:3 3 runed translucent doors, firemarshallily's ghost, adept FeBe


Innate Abilities, Weirdness & Mutations

You have a pair of horns on your head.
You reflexively headbutt those who attack you in melee.
You possess an exceptional clarity of mind.
Your spells are a little harder to cast, but a little more powerful.
You expend magic power (3 MP) to strengthen your wands.
Your health recovers twice as slowly from being drained.


Message History

a +0 mace; a +0 leather armour; a +0 animal skin
There is a stone staircase leading up here.
You fly upwards.
There is a stone staircase leading down here.
There is a stone staircase leading up here.
You fly upwards.
Your extra speed is starting to run out.
There is a stone staircase leading down here.
You feel yourself slow down.
An angel comes into view.
It is wielding a +2 sacred scourge of holy wrath.
Unknown command.
Unknown command.
Press: ? - help, v - describe, . - travel
Here: an angel, wielding a +2 sacred scourge of holy wrath and wearing a +0 robe (haloed)
The floor.
Unknown command.
Unknown command.
Unknown command.
You feel yourself speed up.
Unknown command.
Unknown command.
Unknown command.
Unknown command.
Press: ? - help, v - describe, . - travel The floor.
This square is lit by a halo and is covered in magical glow.
Unknown command.
There is an open door here.
There is an open door here.
You reach down and open the door.
There is an open door here.
As you read the scroll of butterflies, it crumbles to dust.
You hear the flapping of tiny wings.
The angel is knocked back by the sudden gust.
Unknown command.
Unknown command.
You swap places.
There is an open door here.
There is a staircase leading out of the dungeon here.
You have escaped!

...#.#...A.A..##.# #######...##
)).....#########'#########.......
.....#.#....bbbbA........#.#.#...
.......#.#.###########.#.#.#.#...
......A#.##.#.......#.##.#.#.##..
#####..#.#.#.###'###.#.#.#.#.##..
.......#.#.#.#.....#.#.#.#....'..
.....###.#.#.#.....#.#.#.###.##..
...#.'.'.#.#.'.b@..+.#.#.'.'.##..
..######.#.#.#.....#.#.#.###.##..
..## #.#)#.#.....#.#.#.# #.##..
...#####.#.#.###'###.#.#.# #(#...
.......#.##.#.......#.##.###+#...
.......#.#.###########.#.##......
.......#.................##......
......##########'#########.......
.....)....#....#.#...#...........


There were no monsters in sight!

Vanquished Creatures
  3 orbs of fire
  3 ancient liches
  4 dread liches
  Mennas (Vaults:5)
  A juggernaut (Depths:2)
  Boris (thrice) (Vaults:4 Depths:2 D:8)
  Vv (Zot:1)
  7 Killer Klowns
  Saint Roka (Vaults:3)
  4 caustic shrikes (Depths:3)
  5 curse toes
  10 golden dragons
  Margery (Vaults:4)
  4 bone dragons
  A hellephant (Vaults:4)
  4 electric golems
  11 tentacled monstrosities
  3 liches
  25 Orb Guardians
  Jorgrun (Snake:2)
  A walking earthen tome (Depths:1)
  5 quicksilver dragons
  5 titans
  Asterion (Vaults:3)
  2 deep elf blademasters (Elf:3)
  A deep elf master archer (Elf:3)
  A kraken (Shoals:2)
  5 sphinxes
  Polyphemus (Shoals:2)
  9 death cobs
  An Executioner (Zot:5)
  9 tengu reavers
  Ilsuiw (Shoals:2)
  6 storm dragons
  6 shadow dragons
  Donald (Snake:3)
  Roxanne (Elf:2)
  6 draconian monks
  13 protean progenitors
  3 draconian knights
  13 fire giants
  5 ghost moths
  7 draconian scorchers
  5 deep elf sorcerers (Elf:3)
  4 balrugs
  6 orc warlords
  8 nagarajas
  6 frost giants
  2 draconian shifters
  11 vault wardens
  An iron dragon (D:15)
  3 deep elf elementalists (Elf:3)
  2 draconian stormcallers
  A caustic shrike zombie (Depths:3)
  5 draconian annihilators
  5 spriggan defenders
  20 ironbound preservers
  2 ironbound thunderhulks
  12 stone giants
  29 very ugly things
  4 vampire knights
  2 formless jellyfish
  6 green draconians
  9 deep elf annihilators
  7 black draconians
  Nessos (Lair:4)
  5 deep elf demonologists
  6 deep elf death magi
  10 yellow draconians
  3 spark wasps
  14 white draconians
  3 war gargoyles
  2 minotaurs (Zot:1)
  2 dire elephants
  8 purple draconians
  5 red draconians
  10 ettins
  8 merfolk impalers
  4 entropy weavers
  Josephine (Lair:3)
  7 merfolk javelineers
  7 fire dragons
  3 crystal guardians
  8 ice dragons
  A quicksilver dragon zombie (D:15)
  18 yaktaur captains
  27 vault guards
  4 deep elf high priests
  6 great orbs of eyes
  5 hydras
  3 peacekeepers
  A rakshasa (Depths:3)
  A hell beast (D:15)
  3 ogre magi (Vaults:5)
  3 salamander tyrants
  Fannar (Lair:2)
  3 spriggan air magi
  2 alligator snapping turtles
  7 centaur warriors
  2 sphinx zombies (D:15)
  12 anacondas
  A radroach (Zot:4)
  5 catoblepae
  26 dancing weapons
  2 merfolk avatars
  8 death yaks
  4 two-headed ogres (Vaults:5)
  A satyr (Shoals:4)
  3 merfolk aquamancers
  A two-headed ogre (shapeshifter) (Vaults:1)
  9 ironbound frosthearts
  3 deep troll shamans
  4 spriggan berserkers (Depths:3)
  A vampire mage (Depths:1)
  11 naga warriors
  2 tengu warriors
  11 deep troll earth magi
  19 naga sharpshooters
  2 occultists (Depths:1)
  2 sun demons (Depths:3)
  Urug (D:10)
  10 shock serpents
  4 spriggans
  6 hell knights
  10 deep elf knights
  6 skeletal warriors
  A fire crab (shapeshifter) (Vaults:5)
  4 iron trolls
  A fire crab (Lair:5)
  6 skysharks
  A death drake (shapeshifter) (Depths:1)
  2 mana vipers (shapeshifter)
  11 sea snakes
  3 shadow wraiths
  3 glowing orange brains
  A sea snake (shapeshifter) (Vaults:5)
  73 deep trolls
  An orb spider (shapeshifter) (Vaults:1)
  10 deep elf archers
  2 salamander mystics
  19 lindwurms
  2 flayed ghosts
  A glowing orange brain (shapeshifter) (Vaults:5)
  15 ironbound convokers
  9 mana vipers
  6 naga ritualists
  An arcanist (Vaults:2)
  A lindwurm (shapeshifter) (Vaults:5)
  5 phantasmal warriors
  26 deep elf pyromancers
  16 deep elf zephyrmancers
  15 orc knights
  11 necromancers
  A faun (shapeshifter) (D:13)
  22 ugly things
  29 harpies
  15 fauns
  12 orc sorcerers
  3 wolf spiders (Zot:2)
  A fire giant zombie (Depths:3)
  19 salamanders
  Maurice (D:9)
  2 sphinx simulacra (Depths:3)
  5 cyclopes
  A shining eye (shapeshifter) (Depths:3)
  24 manticores
  A meliai (shapeshifter) (D:13)
  2 centaur zombies (D:10)
  17 elephants
  25 moths of wrath
  2 kobold blastminers
  7 merfolk sirens
  8 guardian serpents
  A black mamba (shapeshifter) (D:13)
  47 black mambas
  3 torpor snails (shapeshifter)
  10 vault sentinels
  25 naga magi
  3 water nymphs
  A smoke demon (Depths:3)
  A gargoyle (D:13)
  An elephant (shapeshifter) (Vaults:1)
  2 eyes of devastation (shapeshifter)
  10 cane toads
  8 torpor snails
  An unseen horror (D:9)
  27 yaktaurs
  3 unseen horror zombies (D:10)
  2 centaur skeletons (D:10)
  6 komodo dragons
  An unseen horror (shapeshifter) (Vaults:1)
  A human skeleton (Vaults:3)
  A freezing wraith (D:14)
  5 rime drakes
  3 tengu conjurers
  A troll (shapeshifter) (D:14)
  26 merfolk
  7 wind drakes
  A tengu simulacrum (Vaults:3)
  7 tyrant leeches
  4 polar bears
  10 hornets
  A tarantella (Vaults:1)
  6 trolls
  3 merfolk (shapeshifter)
  A glass eye (Depths:3)
  A raiju (shapeshifter) (Vaults:5)
  25 blink frogs
  4 dream sheep (Lair:5)
  A snapping turtle (shapeshifter) (Vaults:1)
  A frost giant simulacrum (Vaults:2)
  A meliai zombie (D:10)
  5 snapping turtles
  An air elemental (Elf:1)
  36 slime creatures
  6 wraiths
  7 wyverns
  42 yaks
  2 shadows
  A fire elemental (Elf:3)
  Eustachio (D:6)
  16 water elementals
  6 basilisks
  A warg (Orc:1)
  10 vampire mosquitoes
  45 nagas
  9 redbacks
  An acid dragon (D:8)
  13 water moccasins
  An ice beast (D:6)
  2 sky beasts (D:6)
  4 black bears
  42 orc warriors
  5 ogres
  10 wolves
  2 laughing skulls (D:14)
  13 centaurs
  11 bullfrogs
  4 necrophages (D:6)
  2 earth elementals
  5 scorpions
  A glowing shapeshifter simulacrum (Vaults:3)
  7 wights
  A burial acolyte (D:10)
  12 killer bees
  8 howler monkeys
  2 electric eels
  4 bullfrog zombies (D:6)
  4 hounds
  A gnoll bouda (D:9)
  2 human zombies
  2 jellies
  Crazy Yiuf (D:2)
  17 orc priests
  3 iguanas
  Ijyb (D:3)
  Natasha (thrice) (D:4)
  3 sleepcaps
  31 orc wizards
  5 scorpion zombies (Ossuary)
  4 hell rats
  2 howler monkey zombies (D:10)
  4 mummies
  11 adders
  3 gnolls (D:9)
  A river rat (Lair:1)
  A white imp (D:6)
  2 ufetubi (D:5)
  5 adder zombies (Ossuary)
  A dart slug (D:1)
  A ribbon worm (D:2)
  88 orcs
  7 endoplasms
  5 giant cockroaches
  14 goblins
  4 hobgoblins
  7 jackals
  18 kobolds
  6 quokkas
  9 ball pythons
  5 bats
  6 frilled lizards
  5 gnoll zombies (Ossuary)
  A goblin zombie (D:4)
  2 kobold zombies
  3 rats
  5 aspiring fleshes
2040 creatures vanquished.

Vanquished Creatures (collateral kills)
  Nikola (Shoals:2)
  Norris (Vaults:1)
  An orc warlord (Orc:1)
  A shadow wraith (Vaults:2)
  A freezing wraith (Vaults:2)
  A warg (Orc:1)
  An orc warrior (Orc:1)
7 creatures vanquished.

Vanquished Creatures (others)
  A yellow draconian (Zot:1)
  A deep elf pyromancer (Elf:1)
  An elephant (Lair:5)
3 creatures vanquished.

Grand Total: 2050 creatures vanquished

Notes
Turn   | Place    | Note
-------+----------+-------------------------------------------
     0 | D:1      | KleptoBismol the Minotaur Berserker began the quest for the
                  | Orb.
     0 | D:1      | Reached XP level 1. HP: 19/19 MP: 0/0
   234 | D:1      | Reached skill level 4 in Fighting
   268 | D:1      | Reached XP level 2. HP: 27/27 MP: 1/1
   926 | D:2      | Reached ** piety under Trog
   928 | D:2      | Found an opulent altar of Gozag.
   950 | D:2      | Reached XP level 3. HP: 34/34 MP: 2/2
  1058 | D:1      | Reached skill level 5 in Fighting
  1410 | D:2      | Found a runed translucent door.
  1411 | D:2      | Noticed Crazy Yiuf
  1425 | D:2      | Killed Crazy Yiuf
  1426 | D:2      | Reached XP level 4. HP: 42/42 MP: 3/3
  1432 | D:2      | Identified the +0 hammer "Killer Klown's Death" {flame,
                  | rCorr}
  1512 | D:3      | Noticed Ijyb
  1522 | D:3      | Killed Ijyb
  1627 | D:3      | Found Rumiram's Armour Emporium.
  1853 | D:3      | Reached skill level 6 in Fighting
  1900 | D:3      | Reached XP level 5. HP: 50/50 MP: 4/4
  2241 | D:3      | Found a faded altar of an unknown god.
  2283 | D:3      | Found a snail-covered altar of Cheibriados.
  2352 | D:4      | Reached skill level 1 in Throwing
  2486 | D:4      | Noticed a black bear
  2495 | D:4      | Killed a black bear
  2496 | D:4      | Reached skill level 7 in Fighting
  2496 | D:4      | Reached XP level 6. HP: 60/60 MP: 5/5
  2687 | D:4      | Found a sand-covered staircase.
  2694 | Ossuary  | Entered an ossuary
  2702 | Ossuary  | Reached skill level 8 in Fighting
  2762 | Ossuary  | Reached XP level 7. HP: 65/68 MP: 6/6
  2793 | Ossuary  | Reached *** piety under Trog
  2977 | Ossuary  | Reached skill level 9 in Fighting
  3362 | D:4      | Found a hazy altar of Hepliaklqana.
  3417 | D:4      | Noticed Natasha
  3422 | D:4      | Killed Natasha
  3532 | D:4      | Reached skill level 10 in Fighting
  3569 | D:4      | Noticed Natasha
  3995 | D:4      | Found a white marble altar of Elyvilon.
  3995 | D:4      | Found a faded altar of an unknown god.
  4003 | D:4      | Found an opulent altar of Gozag.
  4008 | D:4      | Killed Natasha
  4013 | D:4      | Found a sacrificial altar of Ru.
  4015 | D:4      | Found an iron altar of Okawaru.
  4025 | D:4      | Reached XP level 8. HP: 80/80 MP: 7/7
  4107 | D:4      | Noticed Natasha
  4113 | D:4      | Killed Natasha
  4119 | D:5      | Entered Level 5 of the Dungeon
  4141 | D:5      | Found a staircase to the Ecumenical Temple.
  4148 | Temple   | Entered the Ecumenical Temple
  4227 | D:5      | Reached skill level 11 in Fighting
  4720 | D:5      | Reached **** piety under Trog
  4971 | D:5      | Reached skill level 12 in Fighting
  5284 | D:6      | Found a blossoming altar of Fedhas.
  5432 | D:6      | Reached skill level 13 in Fighting
  5515 | D:6      | Noticed Eustachio
  5530 | D:6      | Killed Eustachio
  5565 | D:6      | Reached XP level 9. HP: 73/93 MP: 8/8
  5688 | D:6      | Found Heig's Antique Weapon Shop.
  6385 | D:7      | Reached skill level 14 in Fighting
  6446 | D:7      | Reached skill level 5 in Armour
  6966 | D:8      | Found a flagged portal.
  6985 | D:8      | Reached skill level 5 in Maces & Flails
  7032 | Bailey   | Entered a bailey
  7049 | Bailey   | Noticed an orc warlord
  7425 | Bailey   | Found a runed translucent gate.
  7480 | Bailey   | Found a runed translucent gate.
  7482 | Bailey   | Found a runed translucent gate.
  7623 | Bailey   | Killed an orc warlord
  7624 | Bailey   | Reached skill level 15 in Fighting
  7624 | Bailey   | Reached XP level 10. HP: 59/105 MP: 9/9
  7761 | Bailey   | Reached skill level 17 in Fighting
  7761 | Bailey   | Reached XP level 11. HP: 117/117 MP: 10/10
  8247 | D:8      | Found an ornate altar of the Wu Jian Council.
  8430 | D:9      | Noticed Maurice
  8436 | D:9      | Maurice stole 27 boomerangs
  8484 | D:9      | Something stole a box of beasts (inert)
  8488 | D:9      | Something stole 411 gold
  8492 | D:9      | Something stole a +4 quarterstaff of chaos
  8511 | D:9      | Killed Maurice
  8559 | D:9      | Reached ***** piety under Trog
  8942 | D:9      | Found Udiof's Island Escapes.
  9473 | D:10     | Entered Level 10 of the Dungeon
  9826 | D:10     | Noticed Urug
  9835 | D:10     | Killed Urug
  9836 | D:10     | Reached skill level 18 in Fighting
  9889 | D:10     | Reached skill level 10 in Armour
  9990 | D:10     | Reached skill level 10 in Maces & Flails
 10056 | D:10     | Found an ancient bone altar of Kikubaaqudgha.
 10123 | D:10     | Reached XP level 12. HP: 122/128 MP: 11/11
 10198 | D:10     | Found a staircase to the Lair.
 10217 | D:10     | Found a burning altar of Makhleb.
 10371 | D:10     | Found a glowing golden altar of the Shining One.
 10477 | D:10     | Found a hide-covered altar of Uskayaw.
 10882 | D:11     | Found a staircase to the Orcish Mines.
 11335 | D:11     | Reached skill level 19 in Fighting
 11591 | D:11     | Received a gift from Trog
 11725 | Orc:1    | Entered Level 1 of the Orcish Mines
 11753 | Orc:1    | Noticed an orc warlord
 11768 | Orc:1    | Killed an orc warlord
 11831 | Orc:1    | Paralysed by an orc sorcerer for 5 turns
 12700 | D:3      | Bought a +2 hat for 176 gold pieces
 12705 | D:3      | Bought a +0 pair of gloves for 49 gold pieces
 12931 | Lair:1   | Entered Level 1 of the Lair of Beasts
 12950 | Lair:1   | Noticed a death yak
 12950 | Lair:1   | Noticed a death yak
 12951 | Lair:1   | Noticed a death yak
 12951 | Lair:1   | Noticed a death yak
 12968 | Lair:1   | Noticed a death yak
 12969 | Lair:1   | Noticed a death yak
 12974 | D:10     | Killed a death yak
 13096 | D:10     | Killed a death yak
 13097 | D:10     | Reached skill level 20 in Fighting
 13113 | D:10     | Killed a death yak
 13153 | D:10     | Killed a death yak
 13153 | D:10     | Identified the +11 dagger of Trog's Benevolence {antimagic,
                  | ^Fragile +Blink rN+} (Trog gifted it to you on level 10 of
                  | the Dungeon)
 13153 | D:10     | Received a gift from Trog
 13154 | D:10     | Reached XP level 13. HP: 139/139 MP: 12/12
 15405 | Orc:2    | Entered Level 2 of the Orcish Mines
 15469 | Orc:2    | Reached skill level 1 in Axes
 15723 | Orc:1    | Reached skill level 21 in Fighting
 16852 | Orc:2    | Noticed an orc warlord
 16856 | Orc:1    | Received a gift from Trog
 16887 | Orc:1    | Killed an orc warlord
 18677 | Lair:2   | Noticed Fannar
 18698 | Lair:2   | Killed Fannar
 19327 | Lair:3   | Reached XP level 14. HP: 126/152 MP: 13/13
 19779 | Lair:3   | Reached skill level 22 in Fighting
 19785 | Lair:3   | Found a staircase to the Shoals.
 19862 | Lair:3   | Found a staircase to the Snake Pit.
 20747 | Lair:4   | Found a viscous altar of Jiyva.
 20748 | Lair:4   | Found a staircase to the Slime Pits.
 20854 | Lair:4   | Noticed Nessos
 20981 | Lair:4   | Noticed Josephine
 21703 | Orc:2    | Found Urebrof's Jewellery Boutique.
 21721 | Orc:2    | Noticed an orc warlord
 21761 | Orc:1    | Killed an orc warlord
 21980 | Orc:2    | Found Daake's Antique Weapon Shop.
 21995 | Orc:2    | Found Ynocs's General Store.
 22003 | Orc:2    | Bought a scroll of teleportation for 36 gold pieces
 22003 | Orc:2    | Bought a scroll of poison for 48 gold pieces
 22003 | Orc:2    | Bought a potion of heal wounds for 60 gold pieces
 22067 | Orc:2    | Found Zeyruzaq's Antique Armour Shop.
 22182 | Orc:2    | Found a staircase to the Elven Halls.
 22963 | D:13     | Reached skill level 1 in Shields
 23232 | D:13     | Found a gate to the Vaults.
 23498 | D:13     | Found a runed translucent gate.
 23498 | D:13     | Found a runed translucent gate.
 23498 | D:13     | Found a runed translucent gate.
 23499 | D:13     | Noticed Eolas's ghost (journeyman DjFE)
 23746 | D:14     | Reached skill level 5 in Axes
 23876 | D:14     | Found Iqiwkin's General Store.
 23885 | D:14     | Bought a scroll of identify for 30 gold pieces
 24199 | D:14     | Reached skill level 23 in Fighting
 24365 | D:14     | Found Worraq's General Store.
 24370 | D:14     | Bought a scroll of identify for 36 gold pieces
 24968 | D:15     | Entered Level 15 of the Dungeon
 26004 | D:15     | Found a staircase to the Depths.
 26071 | D:14     | Reached skill level 1 in Evocations
 26272 | D:14     | Bought a scroll of enchant armour for 112 gold pieces
 26434 | Lair:3   | Killed Josephine
 26435 | Lair:3   | Reached XP level 15. HP: 165/165 MP: 14/14
 26733 | Lair:4   | Killed Nessos
 26993 | Lair:5   | Entered Level 5 of the Lair of Beasts
 27058 | Lair:5   | Reached XP level 16. HP: 172/172 MP: 15/15
 27846 | Lair:5   | Reached skill level 15 in Maces & Flails
 27936 | Lair:5   | Received a gift from Trog
 29045 | Lair:5   | Reached skill level 10 in Shields
 29398 | Snake:1  | Entered Level 1 of the Snake Pit
 30174 | Snake:2  | Noticed Jorgrun
 30191 | Snake:2  | Killed Jorgrun
 30737 | Snake:2  | Received a gift from Trog
 30738 | Snake:2  | Reached skill level 24 in Fighting
 31095 | Snake:2  | Found a glowing silver altar of Zin.
 31386 | Snake:2  | Reached XP level 17. HP: 178/182 MP: 12/16
 32872 | Snake:3  | Noticed Donald
 33579 | Snake:3  | Killed Donald
 33997 | Snake:3  | Reached skill level 15 in Armour
 34073 | Snake:3  | Received a gift from Trog
 34223 | Snake:3  | Found a snail-covered altar of Cheibriados.
 36270 | Snake:3  | Identified a scroll of acquirement
 36550 | D:9      | Bought a scroll of blinking for 105 gold pieces
 36550 | D:9      | Bought a scroll of fog for 56 gold pieces
 36550 | D:9      | Bought a scroll of blinking for 105 gold pieces
 36550 | D:9      | Bought a scroll of blinking for 105 gold pieces
 36550 | D:9      | Bought a scroll of fog for 56 gold pieces
 36639 | D:10     | Acquired the +2 hat "Ceusidwo" {^Drain +Blink Int+4 Dex+6}
 36791 | Snake:4  | Entered Level 4 of the Snake Pit
 37102 | Snake:4  | Received a gift from Trog
 37350 | Snake:4  | Found Suyguaq's Weapon Boutique.
 37367 | Snake:4  | Bought 6 darts of dispersal for 59 gold pieces
 37543 | Snake:4  | Found Fauw's General Store.
 37705 | Snake:4  | Identified the +5 mace "Tefacex" {flame, *Rage Dex+3 SInv}
 37708 | Snake:4  | Found Ycan's Assorted Antiques.
 38159 | Snake:4  | Found Jeystror's Armour Boutique.
 39069 | Snake:4  | Reached XP level 18. HP: 184/192 MP: 15/17
 39179 | Snake:4  | Found Foyg Meubla's Antique Weapon Boutique.
 39750 | Snake:4  | Reached skill level 10 in Axes
 40304 | Snake:4  | Reached skill level 15 in Shields
 40399 | Snake:4  | Got a serpentine rune of Zot
 40738 | Shoals:1 | Entered Level 1 of the Shoals
 41080 | Shoals:1 | Received a gift from Trog
 41744 | Shoals:2 | Noticed Ilsuiw
 41766 | Shoals:2 | Killed Ilsuiw
 42713 | Shoals:2 | Noticed Nikola
 42726 | Shoals:2 | Killed Nikola
 43395 | Shoals:2 | Noticed Polyphemus
 43404 | Shoals:2 | Killed Polyphemus
 44542 | Shoals:3 | Reached skill level 15 in Axes
 44546 | Shoals:3 | Noticed firemarshallily's ghost (adept FeBe)
 44628 | Shoals:3 | Found a runed translucent gate.
 44628 | Shoals:3 | Found a runed translucent gate.
 44628 | Shoals:3 | Found a runed translucent gate.
 45302 | Shoals:4 | Entered Level 4 of the Shoals
 45317 | Shoals:4 | Received a gift from Trog
 45909 | Shoals:4 | Identified the ring "Ucwam" {*Corrode rPois rC+ Int+6}
 46275 | Shoals:4 | Reached XP level 19. HP: 196/200 MP: 18/18
 46502 | Shoals:4 | Reached skill level 25 in Fighting
 46736 | Shoals:4 | Identified the +12 great sword "Zausiamoi" {flame, rElec
                  | rF+ Str+4 Dex-5}
 46891 | Shoals:4 | Identified the +9 quick blade of Regicide {flame, rElec rF+
                  | rC++ Dex+4} (Trog gifted it to you on level 4 of the
                  | Shoals)
 46891 | Shoals:4 | Received a gift from Trog
 47019 | Shoals:4 | Reached skill level 5 in Dodging
 47501 | Shoals:4 | Paralysed by a formless jellyfish for 1 turns
 47578 | Shoals:4 | Got a barnacled rune of Zot
 48215 | Vaults:1 | Entered Level 1 of the Vaults
 48382 | Vaults:1 | Reached skill level 5 in Throwing
 48439 | Vaults:1 | Found Dostops's General Store.
 49569 | Vaults:1 | Identified the +1 mace of Extermination {antimagic, Will++}
                  | (Trog gifted it to you on level 1 of the Vaults)
 49569 | Vaults:1 | Received a gift from Trog
 49903 | Vaults:1 | Paralysed by a formless jellyfish for 1 turns
 50047 | Vaults:1 | Noticed Norris
 50062 | Vaults:1 | Killed Norris
 50402 | Vaults:1 | Gained mutation: Your health recovers twice as slowly from
                  | being drained. [a shining eye]
 52149 | Vaults:2 | Reached XP level 20. HP: 122/211 MP: 13/19
 52341 | Vaults:2 | Received a gift from Trog
 53207 | Vaults:2 | Identified the +10 dagger "Moadwu" {heavy, rElec Stlth+}
 53209 | Vaults:2 | Noticed a dread lich
 53353 | Vaults:2 | Killed a dread lich
 54508 | Vaults:3 | Noticed a dread lich
 54520 | Vaults:3 | Killed a dread lich
 54631 | Vaults:3 | Found a staircase to the Crypt.
 54663 | Vaults:3 | Received a gift from Trog
 54771 | Vaults:3 | Noticed Asterion
 54778 | Vaults:3 | Killed Asterion
 54779 | Vaults:3 | Reached skill level 10 in Dodging
 54902 | Vaults:3 | Noticed a bone dragon
 54997 | Vaults:3 | Noticed Saint Roka
 55440 | Vaults:3 | You fall into a shaft and drop 1 floor!
 56422 | Vaults:3 | Killed Saint Roka
 56560 | Vaults:3 | Killed a bone dragon
 56656 | Vaults:3 | Found Ivovin's Armour Shop.
 56849 | Vaults:4 | Noticed Boris
 56866 | Vaults:4 | Killed Boris
 58143 | Vaults:4 | Reached XP level 21. HP: 220/220 MP: 20/20
 58750 | Elf:1    | Entered Level 1 of the Elven Halls
 59488 | Elf:1    | Found Ydoung's Assorted Antiques.
 60158 | Elf:1    | Paralysed by an air elemental for 1 turns
 60568 | Elf:2    | Reached skill level 26 in Fighting
 60986 | Elf:2    | Noticed Roxanne
 61004 | Elf:2    | Killed Roxanne
 61319 | Elf:2    | Found a runed translucent gate.
 61319 | Elf:2    | Found a runed translucent gate.
 61328 | Elf:2    | Found a runed translucent gate.
 61457 | Elf:2    | Reached ****** piety under Trog
 61585 | Elf:2    | Received a gift from Trog
 62491 | Elf:3    | Entered Level 3 of the Elven Halls
 64481 | Elf:3    | Identified the +0 chain mail "Sussuan" {rC+ Str+3 Int+2}
 64636 | Elf:3    | Identified the +7 war axe of the Baking Gods {protect,
                  | Str+3}
 64784 | Elf:3    | Identified the +0 triple crossbow "Hell-Harrower" {speed,
                  | rPois Will+}
 64947 | Elf:1    | Bought a scroll of enchant weapon for 255 gold pieces
 65226 | Snake:4  | Bought an embroidered cloak for 217 gold pieces
 65610 | Depths:1 | Entered Level 1 of the Depths
 65610 | Depths:1 | Found a shimmering blue altar of Sif Muna.
 65832 | D:15     | Identified the +7 morningstar of the Several Yaks {flame,
                  | rPois rF+ Str+3 Stlth+} (Trog gifted it to you on level 15
                  | of the Dungeon)
 65832 | D:15     | Received a gift from Trog
 65891 | Depths:1 | Reached XP level 22. HP: 211/231 MP: 13/21
 66425 | Depths:1 | Reached skill level 10 in Throwing
 66479 | Depths:1 | Found a gateway to Hell.
 66492 | Depths:1 | Found a one-way gate leading to the halls of Pandemonium.
 66701 | Depths:1 | Found Xufimun's Armour Emporium.
 66729 | Depths:1 | Found a one-way gateway to a ziggurat.
 66791 | Depths:1 | Found Xal Guatt's Book Boutique.
 66791 | Depths:1 | Found Qusauhi's Jewellery Emporium.
 66792 | Depths:1 | Found Ohaikkup's Jewellery Emporium.
 66930 | Depths:1 | Received a gift from Trog
 67173 | Depths:1 | Bought the ring of Zemuca Egov {Fly rPois Slay+3} for 619
                  | gold pieces
 67764 | Depths:2 | Noticed Boris
 67782 | Depths:2 | Killed Boris
 68518 | Depths:2 | Noticed a juggernaut
 68566 | Depths:2 | Killed a juggernaut
 69121 | Depths:3 | Gained mutation: Your spells are a little harder to cast,
                  | but a little more powerful. [a shining eye]
 69864 | Depths:3 | Reached skill level 27 in Fighting
 70560 | Depths:3 | Found a one-way gate to the infinite horrors of the Abyss.
 70753 | Depths:3 | Noticed a golden dragon
 70780 | Depths:3 | Killed a golden dragon
 70858 | Depths:3 | Reached XP level 23. HP: 240/240 MP: 19/22
 71432 | Depths:3 | Identified the ring "Homuizesh" {Fly Int+3}
 71502 | Depths:3 | Noticed a caustic shrike
 71527 | Depths:3 | Killed a caustic shrike
 71527 | Depths:3 | Received a gift from Trog
 72294 | Depths:4 | Entered Level 4 of the Depths
 72430 | Depths:4 | Noticed a caustic shrike
 72431 | Depths:4 | Noticed a caustic shrike
 72432 | Depths:4 | Noticed a caustic shrike
 72448 | Depths:3 | Killed a caustic shrike
 72521 | Depths:3 | Killed a caustic shrike
 72528 | Depths:3 | Killed a caustic shrike
 72613 | Depths:4 | Reached skill level 15 in Dodging
 72933 | Depths:4 | Found a gate to the Realm of Zot.
 73371 | Depths:4 | Received a gift from Trog
 73396 | Depths:4 | Found a sacrificial altar of Ru.
 73622 | Depths:4 | Found a portal to a secret trove of treasure.
 73811 | Trove    | Entered a treasure trove
 73834 | Trove    | Identified the +0 cloak of Aluzill {rElec}
 73836 | Trove    | Identified the +3 kite shield of the Dungeon {rN+ Stlth+}
 73838 | Trove    | Identified the +1 pair of gloves of Parts Unknown {Rampage
                  | Str+4}
 73840 | Trove    | Identified the +0 kite shield of Gihaekes {rF+ Dex+4}
 73842 | Trove    | Identified the +2 hat of the Fiend {Int+3}
 73844 | Trove    | Identified the +0 pair of boots "Qibluuh" {rF+}
 73850 | Trove    | Identified the +2 pair of boots "Qanlimiwk" {SInv}
 74219 | Vaults:5 | Entered Level 5 of the Vaults
 74751 | Vaults:5 | Noticed Margery
 74768 | Vaults:4 | Killed Margery
 74923 | Vaults:5 | Reached * piety under Trog
 75370 | Vaults:5 | Reached XP level 24. HP: 248/249 MP: 10/22
 75572 | Vaults:5 | Noticed an ancient lich
 75714 | Vaults:5 | Killed an ancient lich
 75868 | Vaults:5 | Noticed Mennas
 76399 | Vaults:5 | Killed Mennas
 76854 | Vaults:5 | Got a silver rune of Zot
 77318 | Vaults:5 | Identified the +0 ring mail of Zaxtiq {rElec Int+6 Stlth+}
 77638 | D:9      | Bought a potion of haste for 140 gold pieces
 77782 | D:14     | Bought a scroll of fog for 72 gold pieces
 77883 | Zot:1    | Entered Level 1 of the Realm of Zot
 77883 | Zot:1    | Noticed a Killer Klown
 77883 | Zot:1    | Noticed a dread lich
 77883 | Zot:1    | Noticed a Killer Klown
 77883 | Zot:1    | Noticed a Killer Klown
 77883 | Zot:1    | Noticed Vv
 77884 | Zot:1    | Noticed a Killer Klown
 77899 | Depths:4 | Killed a Killer Klown
 78029 | Zot:1    | Reached skill level 1 in Stealth
 78029 | Zot:1    | Killed a dread lich
 78032 | Zot:1    | Killed a Killer Klown
 78040 | Zot:1    | Killed Vv
 78040 | Zot:1    | HP: 18/373 [Killer Klown/klown pie (31)]
 78042 | Zot:1    | Killed a Killer Klown
 78210 | Zot:1    | Killed a Killer Klown
 78257 | Zot:1    | Identified the +3 hand axe of Waebryti {freeze, rF+}
 81050 | Zot:2    | Reached XP level 25. HP: 183/257 MP: 22/22
 82326 | Zot:3    | Noticed an orb of fire
 82340 | Zot:3    | Killed an orb of fire
 83263 | Zot:4    | Received a gift from Trog
 83757 | Zot:4    | Gained mutation: You occasionally lose the ability to drink
                  | potions when taking damage. [mutagenic glow]
 83810 | Zot:5    | Entered Level 5 of the Realm of Zot
 84276 | Zot:5    | Noticed a Killer Klown
 84362 | Zot:5    | Killed a Killer Klown
 84626 | Zot:5    | Received a gift from Trog
 84683 | Zot:5    | Noticed a dread lich
 84938 | Zot:5    | Noticed an orb of fire
 84959 | Zot:5    | Killed an orb of fire
 85110 | Zot:5    | Noticed a Killer Klown
 85127 | Zot:5    | Killed a Killer Klown
 85830 | Zot:5    | Noticed an orb of fire
 85836 | Zot:5    | Gained mutation: You do not regenerate when monsters are
                  | visible. [an orb of fire]
 85855 | Zot:5    | Killed an orb of fire
 86243 | Depths:1 | Lost mutation: You do not regenerate when monsters are
                  | visible. [potion of mutation]
 86243 | Depths:1 | Lost mutation: You occasionally lose the ability to drink
                  | potions when taking damage. [potion of mutation]
 86243 | Depths:1 | Gained mutation: You expend magic power (3 MP) to
                  | strengthen your wands. [potion of mutation]
 86243 | Depths:1 | Gained mutation: You possess an exceptional clarity of
                  | mind. [potion of mutation]
 87086 | Zot:5    | Noticed an ancient lich
 87120 | Zot:5    | Killed an ancient lich
 87131 | Zot:5    | Killed a dread lich
 87239 | Zot:5    | Reached XP level 26. HP: 236/266 MP: 22/22
 87266 | Zot:5    | Noticed an ancient lich
 87280 | Zot:5    | Killed an ancient lich
 87372 | Zot:5    | Got the Orb of Zot
 87428 | Zot:4    | Noticed Dyexatag the pandemonium lord
 87428 | Zot:4    | Noticed an ancient lich
 87665 | D:12     | Noticed Ificwal the pandemonium lord
 87747 | D:8      | Noticed Boris
 87756 | D:8      | Killed Boris
 87757 | D:8      | Reached skill level 15 in Throwing
 87928 | D:$      | Escaped with the Orb!

Illustrated notes

Levels and vault maps discovered:
D:1:      matt_arrival_los_fun, layout_basic
D:2:      layout_rooms, basic_altar, uniq_crazy_yiuf_cottage
D:3:      layout_loops_ring, nicolae_overflow_ecumenical_swirl, serial_shops,
          nicolae_shop_real_fake_doors, uniq_ijyb
D:4:      minmay_angry_zag, layout_loops_ring,
          mainiacjoe_overflow_surrounded_room,
          chequers_temple_overflow_minitemple, nicolae_ossuary_entry_giza,
          uniq_natasha
D:5:      layout_basic, minmay_temple_entry_slanted
D:6:      layout_basic, fedhas_altar_decomposition, serial_shops,
          nicolae_shop_crystal, chequers_serial_rivers_room_b, uniq_eustachio
D:7:      layout_rooms, minmay_fountain_box
D:8:      layout_rooms, nicolae_wu_jian_glorious_leap, enter_bailey_5
D:9:      layout_basic, nicolae_island_escapes, uniq_maurice
D:10:     layout_roguey, mainiacjoe_overflow_brackets, tso_metal_star,
          lemuel_mausoleum_altar_kikubaaqudgha, lemuel_doored_altar,
          lair_entry_dummy, uniq_urug
D:11:     layout_roguey, orc_0_dummy, minivault_22
D:12:     layout_stronghold
D:13:     layout_loops_ring, david_vaults_2, gammafunk_ghost_necromancy
D:14:     layout_layer_cave, serial_shops, shop, nicolae_shop_tiny_waterfront,
          minmay_misc_feat_alley, chequers_serial_rivers_small_3
D:15:     gammafunk_depths_entry_grave, layout_rooms, nicolae_titane
Temple:   dpeg_chambers_temple
Lair:1:   lemuel_ratsnest, layout_cave_shapes, serial_bayou_shore_b
Lair:2:   layout_regular_city, chequers_serial_rivers_small_a, uniq_fannar
Lair:3:   layout_cave_pods, shoals_dummy_entry,
          minmay_snake_entry_guardpost_medium, serial_bayou_shore_b
Lair:4:   layout_cellular_growth, slime_entry_1, grunt_megastairs_2,
          uniq_josephine, uniq_nessos
Lair:5:   hangedman_lair_in_review, layout_hall_layers, wormcave,
          infiniplex_staircase_pool_2
Shoals:1: layout_shoals
Shoals:2: layout_shoals, nicolae_shoals_lost_giant_hut, uniq_ilsuiw,
          uniq_polyphemus, uniq_nikola
Shoals:3: nzn_motion_control, layout_shoals, gammafunk_ghost_split
Shoals:4: shoals_end_grunt_garden, layout_shoals
Snake:1:  layout_basic, serial_bayou_pond_c
Snake:2:  layout_grid_maze, basic_altar, uniq_jorgrun
Snake:3:  kennysheep_snake, layout_misc_corridors, basic_altar,
          nicolae_snake_gridmaze_tees, abandoned_shop, serial_bayou_ford_a,
          uniq_donald
Snake:4:  snake_pit, layout_cave_town, serial_shops, shop,
          nicolae_shop_tiny_glass, nicolae_shop_window_shopping,
          nicolae_shop_tiny_waterfront, nicolae_shop_trees,
          nicolae_snake_gridmaze_squiggle, serial_bayou_pond_c
Orc:1:    layout_diamond_mine
Orc:2:    grunt_orc_gardens, layout_caves, grunt_orc_garden, grunt_orc_garden,
          grunt_orc_garden, grunt_orc_garden
Elf:1:    layout_gridlike, minmay_elf_demonology, unseen_surprise_small,
          minmay_shop_star
Elf:2:    elven_hall_of_blades_hangedman_original [mumra_blade_entry_bloodbath],
          layout_geoelf_octagon, uniq_roxanne
Elf:3:    minmay_elf_hall_dome, layout_onion_city
Vaults:1: nicolae_vaults_apartment_2, v_alt_pattern_2, v_alt_pattern_5,
          nicolae_vaults_loss_of_containment, v_rooms_6, v_misc_1,
          vaults_dpeg_emergency_exit, layout_vaults_big_room, serial_shops,
          shop, uniq_norris
Vaults:2: nicolae_vaults_house_1, nicolae_vaults_tetromino_T_2,
          nicolae_vaults_ring_of_whatevers, nicolae_vaults_trapezoid_lopsided_4,
          serial_library_hellmonk_semicircle,
          nicolae_vaults_offset_grid_hallway_2, dpeg_vaults_monster_box,
          serial_ice_m, nicolae_vaults_you_can_take_it_with_you,
          vaults_dpeg_diagonal, nicolae_vaults_house_1, grunt_vaults_diagonal,
          minmay_orc_keep, v_misc_11, hangedman_vaults_trim,
          layout_vaults_maze_snakey
Vaults:3: v_misc_29, v_pattern_5, minmay_crypt_entry_nasty_monster,
          ontoclasm_vaults_decontamination, ontoclasm_vaults_tryst,
          nicolae_vaults_whirlpool_walls, nicolae_vaults_specimen_jars,
          nicolae_vaults_meiosis, v_misc_17, hangedman_vaults_maws,
          ontoclasm_vaults_idyll, nicolae_vaults_little_squares_6,
          nicolae_vaults_house_2, ontoclasm_vaults_gateway, grunt_vaults_funnel,
          layout_vaults_omnicross, serial_shops, nicolae_shop_trees,
          uniq_saint_roka, uniq_asterion
Vaults:4: hangedman_vaults_corner_blocks, nicolae_vaults_surprise_closet,
          v_pattern_4, nicolae_vaults_wine_cellar, serial_ice_g,
          nicolae_vaults_border_crossing, nicolae_vaults_little_squares_1,
          layout_vaults_quadrants, uniq_boris
Vaults:5: uniq_mennas, uniq_margery
Depths:1: minmay_the_grid_four_pointed_star
          [minmay_the_grid_triangle_9x9_thin_v,
          minmay_the_grid_triangle_9x9_negative_grid,
          minmay_the_grid_triangle_9x9_limited_checkers,
          minmay_the_grid_triangle_9x9_stretched_checkered,
          minmay_the_grid_prize_diamond_cup], layout_cave_shapes,
          enter_ziggurat_b, serial_shops, shop, grunt_mini_vestibule, pan_entry,
          nicolae_kite_square_tiling_tiny, nicolae_sif_muna_condensation,
          minmay_shop_grove
Depths:2: minmay_chopped_fan, layout_honeycomb, grunt_pan_entry_zigzag,
          hangedman_coc_ice_floe, kennysheep_generic_room_9,
          infiniplex_staircase_pool_lava, serial_bayou_shore_b,
          serial_bayou_shore_b
Depths:3: regret_index_malice_mire, layout_cave_pools,
          abyss_entry_small_statue_room, hellmouth_1
Depths:4: grunt_twist_and_shout, layout_cave_shapes, pf_dread_powers_of_hell,
          enter_trove_3, nicolae_ru_awakened_eye, serial_bayou_shore_b
Zot:1:    ebering_klown_carousel, layout_twisted_circle, uniq_vv
Zot:2:    layout_concentric_octagons
Zot:3:    layout_onion, regret_index_zotdec_twisting_globes
Zot:4:    layout_onion_interference
Zot:5:    layout_cellular_growth

Skill      XL: |  1  2  3  4  5  6  7  8  9 10 11 12 13 14 15 16 17 18 19 20 21 22 23 24 25 26 |
---------------+-------------------------------------------------------------------------------+-----
Fighting       | 4 5 6 7 8 10 13 15 17 18 20 21 23 24 25 26 27 | 27.0
Armour         | 3 4 6 8 10 12 13 14 15 16 18 19 20 21 23 | 23.4
Throwing       | 2 3 4 7 8 9 11 12 14 15 | 15.0
Maces & Flails | 6 8 10 11 12 13 14 15 | 15.8
Axes           | 4 6 9 15 16 17 18 21 26 | 26.2
Shields        | 3 6 12 14 15 16 17 18 19 20 22 | 22.6
Evocations     | 1 2 3 4 |  4.4
Dodging        | 4 8 11 13 14 15 | 15.3
Stealth        | 2 |  2.0

Action                     |  1- 3 |  4- 6 |  7- 9 | 10-12 | 13-15 | 16-18 | 19-21 | 22-24 | 25-27 || total
---------------------------+-------+-------+-------+-------+-------+-------+-------+-------+-------++-------
  Melee: Mace              |    96 |    93 |   383 |   581 |   435 |       |       |       |       ||  1588
         Headbutt          |     9 |    12 |    87 |   138 |   227 |   359 |   361 |   398 |   141 ||  1732
         Punch             |       |     2 |     7 |    12 |       |       |       |       |       ||    21
         Bardiche          |       |       |       |     4 |       |       |       |       |       ||     4
         Battleaxe         |       |       |       |       |   237 |       |       |       |       ||   237
         Executioner's axe |       |       |       |       |    88 |       |       |       |       ||    88
         Dire flail        |       |       |       |       |     9 |       |       |       |       ||     9
         Broad axe         |       |       |       |       |    79 |   627 |  1194 |  1007 |   349 ||  3256
         Morningstar       |       |       |       |       |    10 |   694 |     9 |       |       ||   713
         Hand axe          |       |       |       |       |       |     6 |     2 |       |       ||     8
         Demon whip        |       |       |       |       |       |       |    37 |   126 |       ||   163
         Quick blade       |       |       |       |       |       |       |     2 |    18 |    46 ||    66
   Fire: Arbalest          |       |       |       |       |     2 |       |       |       |       ||     2
  Throw: Stone             |     2 |       |    19 |       |       |       |       |       |       ||    21
         Dart              |       |     8 |     2 |       |       |       |       |       |     5 ||    15
         Javelin           |       |     4 |    11 |     8 |     4 |    23 |    48 |    33 |    16 ||   147
         Boomerang         |       |       |    12 |    28 |     7 |     3 |    47 |   283 |   121 ||   501
         Throwing net      |       |       |       |       |       |       |       |     1 |     1 ||     2
 Invoke: Berserk           |     1 |     3 |     4 |     1 |    16 |    16 |    11 |     2 |       ||    54
         Trog's Hand       |       |       |       |     8 |     8 |     9 |    28 |    11 |    16 ||    80
         Brothers in Arms  |       |       |       |     1 |     1 |     2 |     2 |       |       ||     6
Ability: Evoke Blink       |       |       |       |       |       |     4 |     3 |     3 |     6 ||    16
  Evoke: Wand              |       |       |     1 |       |     1 |     8 |     2 |    14 |     2 ||    28
         Box of beasts     |       |       |       |     2 |     1 |     2 |     1 |       |       ||     6
         Lightning rod     |       |       |       |       |       |     1 |     6 |       |       ||     7
         Phantom mirror    |       |       |       |       |       |       |     1 |     1 |       ||     2
         Phial of floods   |       |       |       |       |       |       |       |     2 |       ||     2
         Condenser vane    |       |       |       |       |       |       |       |     2 |     1 ||     3
    Use: Scroll            |       |       |    15 |     4 |    15 |    13 |    14 |    15 |    13 ||    89
         Potion            |       |       |       |     4 |     5 |     2 |     2 |     5 |    10 ||    28
   Stab: Petrified         |       |       |       |       |       |     3 |       |       |       ||     3
         Distracted        |       |       |       |       |       |     2 |       |       |       ||     2
         Invisible         |       |       |       |       |       |       |       |     3 |       ||     3
         Held in net/web   |       |       |       |       |       |       |       |     1 |       ||     1
 Armour: Leather armour    |    12 |       |       |       |       |       |       |       |       ||    12
         Animal skin       |     1 |       |       |       |       |       |       |       |       ||     1
         Plate armour      |    65 |    54 |   348 |   572 |   707 |   506 |   921 |   343 |       ||  3516
         Scale mail        |     4 |       |       |       |       |       |       |       |       ||     4
         Chain mail        |       |       |       |       |   309 |   552 |       |       |       ||   861
         Gold dragon scale |       |       |       |       |       |       |       |   545 |   268 ||   813
  Dodge: Dodged            |    38 |    26 |   138 |   182 |   414 |   487 |   545 |   481 |   144 ||  2455
  Block: Buckler           |       |       |       |       |    54 |       |       |       |       ||    54
         Kite shield       |       |       |       |       |    89 |   944 |   939 |   905 |   313 ||  3190
